 Dungeon Crawl Stone Soup version 0.30-a0-1094-g860fb061e7 (webtiles) character file.

Game seed: 6869989181862861725

24 ders the Magician (level 3, 0/25 HPs)
             Began as a Djinni Conjurer on Apr 17, 2023.
             Slain by a goblin
             ... wielding a +2 dagger of draining
             ... led by Robin
              (6 damage)
             ... on level 1 of the Dungeon.
             The game lasted 00:01:10 (1465 turns).

ders the Magician (Djinni Conjurer)                 Turns: 1465, Time: 00:01:10

Health: 0/25       AC:  2    Str:  4 (6)  XL:     3   Next: 15%
Gold:   36         EV: 12    Int: 20 (21) God:
                   SH:  0    Dex:  8 (11)

rFire   + + .      SeeInvis .    (no weapon)
rCold   x . .      Faith    .    (no shield)
rNeg    . . .      Spirit   .    a - +0 robe
rPois   ∞          Reflect  .    (no helmet)
rElec   .          Rampage  .    (no cloak)
rCorr   .                        (no gloves)
Will    .....                    (boots unavailable)
Stlth   +                        (no amulet)
HPRegen 0.24/turn                (no ring)
MPRegen 0.00/turn                (no ring)

@: flying
A: sickness immunity, fire resistance 2, cold vulnerability 1, float, innate
caster, HP casting, extra vitality 1
a: no special abilities


You were on level 1 of the Dungeon.
You visited 1 branch of the dungeon, and saw 2 of its levels.

You collected 36 gold pieces.

Inventory:

Armour
 a - a +0 robe (worn)
Scrolls
 b - a scroll of magic mapping {unknown}
 c - 3 scrolls of identify {unknown}
 f - 3 scrolls of torment {unknown}


   Skills:
 - Level 2.1 Dodging
 - Level 1.5 Stealth
 + Level 3.9 Spellcasting


You knew the following spells:

 Your Spells              Type           Power      Damage    Failure   Level
a - Magic Dart            Conj           76%        1d6       2%          1
b - Searing Ray           Conj           38%        2d5       3%          2
c - Dazzling Flash        Conj/Hex       38%        N/A       8%          3
d - Fulminant Prism       Conj/Hex       9%         3d6       26%         4
e - Iskenderun's Mystic   Conj/Tloc      19%        2d6       26%         4
f - Shock                 Conj/Air       76%        1d7       2%          1
Your spell library was empty.

Dungeon Overview and Level Annotations

Branches:
Dungeon (2/15)

Altars:

Shops:
D:1 !   D:2 !

Annotations:
D:2 Robin


Innate Abilities, Weirdness & Mutations

You are immune to sickness and miasma.
You are immune to poison.
Your flesh is very heat resistant. (rF++)
You are vulnerable to cold. (rC-)
You float through the air rather than walking.
You learn spells naturally, not from books.
Your magical power is your life essence.
You have superior vitality. (+4 MHP)


Message History

* * * LOW HITPOINT WARNING * * *
Casting: Shock (safe; 2% risk of failure)
Confirm with . or Enter, or press ? or * to list all spells.
You can't see any susceptible monsters within range! (Use Z to cast anyway.)
You start resting.
Your transformation is almost over.
You feel less wooden.
Your +0 robe unmelds from your body.
You start resting.
HP restored.
You start waiting.
Done waiting.
You start waiting.
Done waiting.
You fly downwards.
Level annotation: Robin The goblin shouts! x2; The frilled lizard hisses angrily.
The rat bites you but does no damage. Robin throws the goblin at you!
The hobgoblin hits you but does no damage.
The goblin barely misses you. The worm closely misses you. The rat bites you.
The hobgoblin hits you.
Robin says, "My goblins will feast on your bones."
Robin roars a battlecry!
The goblins go into a battle-frenzy!
There is a stone staircase leading up here.
You need no library to learn spells.
The hobgoblin hits you. The rat bites you.
The goblin hits you with a +2 dagger of draining.
You fly upwards.
There is a stone staircase leading down here.
Casting: Shock (safe; 2% risk of failure)
Confirm with . or Enter, or press ? or * to list all spells.
Aiming: Shock (safe; 2% risk of failure)
Press: ? - help, Shift-Dir - straight line The zap hits the worm.
The worm is moderately wounded.
The zap misses the worm.
The worm bites you.
* * * LOW HITPOINT WARNING * * *
The goblin hits you with a +2 dagger of draining.
You die...

###### #.# #.(..#
#.# #....# #.#
#....######.##
#....+........
#....######.##
##........#.#.
#############.#.#.
#@gr...######.#.#.
#wg...............
#.####.######.#.##
###...##.# #.#.#
#........# #.#.#
#.....#..## #.#.#
#.....##..### #.#.#
#.....##....###+#.#
#.....##.##.#.....#


You could see a worm, a hobgoblin (strong), a goblin (strong) and a rat.

Vanquished Creatures
  4 ball pythons
  An endoplasm (D:1)
  3 giant cockroaches
  4 goblins (D:1)
  3 hobgoblins (D:1)
  A quokka (D:1)
  A bat (D:1)
  2 frilled lizards (D:1)
  A kobold (D:1)
  A rat (D:1)
21 creatures vanquished.

Notes
Turn   | Place    | Note
-------+----------+-------------------------------------------
     0 | D:1      | ders the Djinni Conjurer began the quest for the Orb.
     0 | D:1      | ders set off with the following spells memorised: Magic
                  | Dart, Searing Ray, Dazzling Flash, Fulminant Prism,
                  | Iskenderun's Mystic Blast.
     0 | D:1      | Reached XP level 1. HP: 15/15 MP: 0/0
   230 | D:1      | Reached XP level 2. HP: 19/21 MP: 0/0
   911 | D:2      | Noticed Robin
   911 | D:2      | Found Beunable's Distillery.
  1171 | D:2      | Reached XP level 3. HP: 20/25 MP: 0/0
  1171 | D:2      | Learned a level 1 spell: Shock
  1465 | D:1      | Slain by a goblin

Illustrated notes

Levels and vault maps discovered:
D:1:      wander_arrival_lonely_grave, layout_basic
D:2:      layout_rooms, dreamdust_ecumenical_altar_sealed_demon, serial_shops,
          shop, shop, shop, shop, uniq_sigmund, uniq_jessica, uniq_robin

Action                     || total
---------------------------++-------
   Cast: Magic Dart        ||    24
         Searing Ray       ||     9
         Shock             ||     6
    Use: Potion            ||     3
 Armour: Robe              ||     4
         Skin              ||     6
  Dodge: Dodged            ||    27

Table legend: (Time is in decaauts)
 A = Elapsed time spent in this place.
 B = Non-inter-level travel time spent in this place.
 C = Inter-level travel time spent in this place.
 D = Time resting spent in this place.
 E = Time spent auto-exploring this place.
 F = Levels seen in this place.
 G = Mean time per level.
                   A        B        C        D        E       F      G
               +--------+--------+--------+--------+--------+-----+--------+
         Total |   1468 |   1359 |    109 |    409 |    850 |   2 |  734.0 |
       Dungeon |   1468 |   1359 |    109 |    409 |    850 |   2 |  734.0 |
               +--------+--------+--------+--------+--------+-----+--------+

Top non-repeatable levels by time:
     D:1: 1441 daAuts
     D:2: 27 daAuts
